 Dungeon Crawl Stone Soup version 0.22-a0-254-gaf95ca0 (webtiles) character file.

5713 MatthieuS the Archer (level 11, -8/78 HPs)
             Began as a Human Wanderer on Mar 4, 2018.
             Was a Priest of Nemelex Xobeh.
             Killed from afar by an efreet (24 damage)
             ... with a bolt of fire
             ... on level 8 of the Dungeon.
             The game lasted 00:49:12 (12933 turns).

MatthieuS the Archer (Human Wanderer)              Turns: 12933, Time: 00:49:13

Health: -8/78      AC:  9    Str: 12    XL:     11   Next: 5%
Magic:  25/25      EV: 12    Int: 16    God:    Nemelex Xobeh [***...]
Gold:   180        SH:  0    Dex: 13    Spells: 2/14 levels left

rFire    . . .     SeeInvis .   w - +0 shortbow
rCold    . . .     Gourm    .   (shield currently unavailable)
rNeg     . . .     Faith    .   n - +0 leather armour
rPois    +         Spirit   .   (no helmet)
rElec    .         Reflect  .   (no cloak)
rCorr    .         Harm     .   v - +2 pair of gloves
MR       .....                  A - +2 pair of boots
Stlth    ++........             e - amulet of magic regeneration
HPRegen  0.23/turn              m - ring of poison resistance
MPRegen  0.44/turn              q - ring of magical power

@: no status effects
A: no striking features
a: Triple Draw, Renounce Religion


You were on level 8 of the Dungeon.
You worshipped Nemelex Xobeh.
Nemelex Xobeh was most pleased with you.
You were not hungry.

You visited 1 branch of the dungeon, and saw 8 of its levels.

You collected 453 gold pieces.
You spent 273 gold pieces at shops.

Inventory:

Hand Weapons
 h - a +0 fustibalus
   (You found it on level 8 of the Dungeon)
 w - a +0 shortbow (weapon)
   (You took it off a centaur on level 5 of the Dungeon)
 y - a +0 hunting sling
   (You bought it in a shop on level 4 of the Dungeon)
Missiles
 d - 5 tomahawks
 j - 133 stones
 k - 44 sling bullets
 G - 3 arrows (quivered)
Armour
 n - a +0 leather armour (worn)
   (You found it on level 4 of the Dungeon)
 v - a +2 pair of gloves (worn)
   (You found it on level 8 of the Dungeon)
 A - a +2 pair of boots (worn)
   (You found it on level 1 of the Dungeon)
Jewellery
 e - an amulet of magic regeneration (around neck)
   (You found it on level 2 of the Dungeon)
 m - a ring of poison resistance (left hand)
   (You took it off a kobold on level 2 of the Dungeon)
 q - a ring of magical power (right hand)
   (You found it on level 4 of the Dungeon)
Wands
 c - a wand of disintegration (14)
   (You found it on level 5 of the Dungeon)
 p - a wand of digging (17)
   (You found it on level 5 of the Dungeon)
 u - a wand of paralysis (9)
   (You found it on level 8 of the Dungeon)
 x - a wand of acid (9)
   (You found it on level 8 of the Dungeon)
Scrolls
 a - a scroll of fog
 l - 2 scrolls of teleportation {@r4}
 s - a scroll of magic mapping {unknown}
 z - 4 scrolls of enchant weapon
 E - a scroll of enchant armour
 F - 3 scrolls of remove curse {@r2}
Potions
 g - a potion of invisibility {unknown}
 o - 3 potions of brilliance
 r - a potion of flight
 D - a potion of haste {@q3}
Miscellaneous
 i - an ornate deck of escape {drawn: 10}
   (Nemelex Xobeh gifted it to you on level 3 of the Dungeon)
 t - a plain deck of destruction {drawn: 5}
   (Nemelex Xobeh gifted it to you on level 4 of the Dungeon)
Comestibles
 f - 7 rations


   Skills:
 - Level 4.8 Fighting
   Level 0.8 Short Blades
   Level 0.0 Axes
   Level 0.1 Polearms
 * Level 10.8 Bows
 - Level 1.0 Throwing
 - Level 1.0 Armour
 - Level 2.3 Dodging
 - Level 3.0 Stealth
 - Level 2.5 Unarmed Combat
 - Level 2.1 Spellcasting
 - Level 5.0 Hexes
 - Level 2.1 Fire Magic
 - Level 7.7 Invocations
 + Level 3.8 Evocations


You had 2 spell levels left.
You knew the following spells:

 Your Spells              Type           Power        Failure   Level  Hunger
a - Confusing Touch       Hex            ###...       3%          1    #......
b - Corona                Hex            ###....      3%          1    #......
c - Ensorcelled Hibernat  Hex/Ice        #.....       14%         2    ###....
d - Slow                  Hex            ###.....     4%          2    ###....
e - Inner Flame           Hex/Fire       ##......     19%         3    ###....
x - Confuse               Hex            ###.....     10%         3    ###....


Dungeon Overview and Level Annotations

Branches:
Dungeon (8/15)             Temple (0/1) D:4
   Lair: D:8-11

Altars:
Ashenzari
Nemelex Xobeh

Shops:
D:4 %:%%(   D:5 }   D:6 }


Message History

What are your orders? t - Shout!
Orders for allies: a - Attack new target. p - Attack previous target. r - Retreat! s - Stop attacking. g - Guard the area. f - Follow me.
Anything else - Cancel.
Gang up on whom?
Aim: a tengu warrior, wielding a great sword and wearing a leather armour (almost dead) Attack!
Your red devil hits the tengu warrior with a trident!
The tengu warrior dies!
You have reached level 11!
The efreet gestures at you.
The fireball explodes!
The fireball engulfs your red devil.
Your red devil appears unharmed.
The fireball engulfs you!
* * * LOW HITPOINT WARNING * * *
The fireball engulfs your hell hound.
Your hell hound completely resists.
The fireball engulfs the insubstantial wisp.
The insubstantial wisp resists.
The fireball engulfs the efreet.
The efreet completely resists.
The insubstantial wisp barely misses your red devil.
You feel much better.
Your hell hound bites the efreet.
Your red devil hops backward while attacking.
Your red devil hits the efreet from afar with a trident!
The efreet gestures at you.
The fireball explodes!
The fireball engulfs you!
* * * LOW HITPOINT WARNING * * *
Your hell hound bites the efreet but does no damage.
Your hell hound bites the efreet.
Firing (i - inventory. (/) - cycle)
G - 5 arrows (quivered)
Aim: an insubstantial wisp (heavily damaged, summoned)
You shoot an arrow.
The arrow misses the insubstantial wisp.
Your red devil hops backward while attacking.
Your red devil hits the insubstantial wisp from afar with a trident!
Firing (i - inventory. (/) - cycle)
G - 4 arrows (quivered)
Aim: an insubstantial wisp (almost destroyed, summoned)
You shoot an arrow.
The arrow completely misses the insubstantial wisp.
Your hell hound closely misses the insubstantial wisp.
The orc wizard gestures wildly while chanting.
The orc wizard seems to speed up.
The efreet gestures at you. The bolt of fire hits your hell hound.
Your hell hound completely resists.
The bolt of fire hits you!
You die...
Your body disappears without a glow.

#.# #.########(#### (# #.# #....#
#.§.# .( #.# #.########(## ###
#.# #.# #.# #o#######
#.###.####.###.......##
######..........4)R§.......#
....######.Z....vh§v.......#
###.##.....#####(##§.......######
#.##.##### #@##..............
###.##.# #.####.#....######
....##.# #.####.#..### ######.#
#.........# #.# #.######..# #.#
####.# #.....# #####.#
#....###.##..# ##...#.#
#..........>.# #.###..#
#....###.###.#


You could see an efreet, an insubstantial wisp, an orc wizard, a friendly red
devil and a friendly hell hound.

Vanquished Creatures
  3 two-headed ogres (D:8)
  A hippogriff (D:8)
  A shadow (D:8)
  A spriggan (D:7)
  2 sky beasts
  4 ice beasts
  3 ogres
  2 centaurs (D:5)
  A big kobold (D:7)
  4 bullfrogs
  A scorpion (D:6)
  A water moccasin skeleton (D:6)
  3 killer bees (D:7)
  3 crimson imps
  5 hounds
  4 orc priests (D:7)
  A centaur skeleton (D:8)
  3 iguanas
  3 orc wizards (D:7)
  3 worker ants
  A hound zombie (D:8)
  2 hound skeletons
  A worker ant zombie (D:8)
  A gnoll (D:7)
  7 adders
  2 shadow imps
  4 oozes
  2 adder skeletons
  A worm (D:4)
  A dart slug (D:1)
  A leopard gecko (D:7)
  14 orcs
  2 giant cockroaches (D:3)
  7 goblins
  12 hobgoblins
  11 jackals
  6 quokkas
  10 bats
  3 frilled lizards
  8 kobolds
  A leopard gecko skeleton (D:7)
  A quokka skeleton (D:8)
  12 rats
159 creatures vanquished.

Vanquished Creatures (collateral kills)
  A tengu warrior (D:8)
  A troll (D:8)
  A hungry ghost (D:5)
  An ice beast (D:8)
  A sky beast (D:8)
  The ghost of yaymichael the Insei, an amateur OpTm (D:3)
  Blork the orc (D:4)
  A wyvern zombie (D:8)
  An orc priest (D:5)
  A worker ant (D:8)
  Natasha (thrice) (D:2)
  2 orc wizards (D:5)
  3 gnolls (D:7)
  An ooze (D:2)
  A worm (D:2)
  A leopard gecko (D:2)
  5 orcs
  A goblin (D:2)
  A kobold (D:2)
28 creatures vanquished.

Vanquished Creatures (others)
  A howler monkey skeleton (D:8)
  A plant (D:2)
  8 toadstools (D:3)
10 creatures vanquished.

Grand Total: 197 creatures vanquished

Notes
Turn   | Place    | Note
-------+----------+-------------------------------------------
     0 | D:1      | MatthieuS the Human Wanderer began the quest for the Orb.
     0 | D:1      | MatthieuS set off with: a potion of lignification, a +0 robe, a +0 club, a ration
     0 | D:1      | Reached XP level 1. HP: 19/19 MP: 1/1
   144 | D:1      | Reached XP level 2. HP: 10/25 MP: 2/2
   437 | D:1      | Reached skill level 1 in Dodging
   442 | D:1      | Reached XP level 3. HP: 18/30 MP: 4/4
   667 | D:1      | Reached skill level 1 in Spellcasting
  1132 | D:1      | Found a sparkling altar of Nemelex Xobeh.
  1138 | D:1      | Became a worshipper of Nemelex Xobeh the Trickster
  1146 | D:1      | Received a gift from Nemelex Xobeh
  1845 | D:2      | Reached XP level 4. HP: 33/38 MP: 5/5
  2120 | D:2      | Noticed Natasha
  2133 | D:2      | HP: 1/38 [Natasha/magic dart (10)]
  2137 | D:2      | Killed Natasha
  2571 | D:2      | Noticed Natasha
  2654 | D:2      | Killed Natasha
  2654 | D:2      | Reached skill level 1 in Invocations
  2688 | D:2      | Noticed Natasha
  2692 | D:2      | Killed Natasha
  2692 | D:2      | Reached XP level 5. HP: 43/43 MP: 7/7
  3043 | D:2      | Reached * piety under Nemelex Xobeh
  3319 | D:3      | Noticed yaymichael's ghost (amateur OpTm)
  4108 | D:3      | Received a gift from Nemelex Xobeh
  4111 | D:3      | You fall through a shaft for 2 floors!
  4111 | D:5      | Entered Level 5 of the Dungeon
  4338 | D:4      | Found a staircase to the Ecumenical Temple.
  4357 | D:4      | Noticed Blork the orc
  4496 | D:4      | You fall through a shaft for 2 floors!
  4509 | D:6      | Reached XP level 6. HP: 31/49 MP: 9/9
  4809 | D:6      | Noticed an ogre
  4819 | D:6      | Found Erusoeg's Gadget Shoppe.
  5091 | D:5      | Noticed a hungry ghost
  5091 | D:5      | Noticed an ice beast
  5410 | D:4      | Found Peygom's Food Emporium.
  5432 | D:4      | Found Muzxutei's Book Shop.
  5731 | D:4      | Found Efag Iramo's Food Emporium.
  5743 | D:3      | Received a gift from Nemelex Xobeh
  5855 | D:3      | Reached ** piety under Nemelex Xobeh
  6089 | D:3      | Killed yaymichael's ghost
  6089 | D:3      | Reached skill level 1 in Unarmed Combat
  6187 | D:4      | Killed Blork the orc
  6385 | D:4      | Bought a book of Misfortune for 200 gold pieces
  6388 | D:4      | Learned a level 1 spell: Confusing Touch
  6390 | D:4      | Learned a level 1 spell: Corona
  6393 | D:4      | Learned a level 2 spell: Ensorcelled Hibernation
  6397 | D:4      | Learned a level 3 spell: Confuse
  6669 | D:4      | Reached XP level 7. HP: 17/55 MP: 10/10
  6927 | D:4      | Received a gift from Nemelex Xobeh
  7109 | D:4      | Found Wulutedo's Weapon Shop.
  7115 | D:4      | Bought a +0 hunting sling for 18 gold pieces
  7197 | D:4      | Found Fuwuli's Food Emporium.
  7520 | D:5      | Reached skill level 1 in Bows
  7850 | D:5      | Killed a hungry ghost
  7850 | D:5      | Reached skill level 2 in Bows
  8021 | D:5      | Reached XP level 8. HP: 46/61 MP: 11/11
  8176 | D:5      | Reached skill level 3 in Bows
  8598 | D:5      | Found Teuschoe's Gadget Shop.
  8634 | D:5      | Reached skill level 4 in Bows
  9340 | D:6      | Found a shattered altar of Ashenzari.
  9350 | D:6      | Received a gift from Nemelex Xobeh
  9535 | D:6      | Reached skill level 5 in Bows
  9619 | D:4      | Bought a ration for 55 gold pieces
  9759 | D:7      | Reached skill level 5 in Invocations
  9762 | D:7      | Reached skill level 5 in Hexes
  9762 | D:7      | Reached XP level 9. HP: 58/67 MP: 12/12
 10143 | D:7      | Reached skill level 6 in Bows
 10952 | D:7      | Reached skill level 7 in Bows
 11170 | D:7      | Learned a level 2 spell: Slow
 11174 | D:7      | Learned a level 3 spell: Inner Flame
 11184 | D:7      | Reached *** piety under Nemelex Xobeh
 11304 | D:8      | Noticed a two-headed ogre
 11323 | D:8      | Killed a two-headed ogre
 11323 | D:8      | Reached skill level 8 in Bows
 11323 | D:8      | Reached XP level 10. HP: 14/73 MP: 15/15
 11615 | D:8      | Noticed a two-headed ogre
 11625 | D:8      | Killed a two-headed ogre
 11625 | D:8      | Reached skill level 9 in Bows
 12034 | D:8      | Noticed a two-headed ogre
 12057 | D:8      | Killed a two-headed ogre
 12131 | D:8      | Reached skill level 10 in Bows
 12170 | D:8      | Noticed a tengu warrior
 12921 | D:8      | Noticed an efreet
 12929 | D:8      | Killed a tengu warrior
 12929 | D:8      | Reached XP level 11. HP: 38/78 MP: 16/16
 12933 | D:8      | Killed from afar by an efreet

Vault maps used:
D:1:      erik_arrival_gehennom, nemelex_xobeh_ov_fountains_minmay
D:2:      serial_bayou_lake_a, uniq_natasha
D:3:      cheibrodos_fertilizer, first_ration
D:4:      minmay_temple_entry_trees, serial_shops, nicolae_shop_trees,
          nicolae_shop_window_shopping, nicolae_shop_stone,
          kennysheep_mini_moat, shop, chequers_big_river, uniq_blork_the_orc
D:5:      serial_shops, shop
D:6:      kennysheep_mini, serial_shops, shop
D:7:      the_bakery
D:8:      hangedman_cross_veins

Skill      XL: |  1  2  3  4  5  6  7  8  9 10 |
---------------+-------------------------------+-----
Dodging        | 1 2 |  2.3
Spellcasting   | 1 2 |  2.1
Stealth        | 2 3 |  3.0
Invocations    | 1 2 3 5 6 7 |  7.7
Unarmed Combat | 1 2 |  2.5
Bows           | 2 5 8 10 | 10.8
Hexes          | 5 |  5.0
Fire Magic     | 2 |  2.1
Evocations     | 3 |  3.8
Fighting       | |  4.8
Short Blades   | |  0.8
Polearms       | |  0.1
Throwing       | |  1.0
Armour         | |  1.0

Action                   |  1- 3 |  4- 6 |  7- 9 | 10-12 || total
-------------------------+-------+-------+-------+-------++-------
Melee: Club              |   116 |       |       |       ||   116
       Spear             |    45 |    99 |       |       ||   144
       Dagger            |       |   235 |       |       ||   235
       Unarmed           |       |   104 |    31 |       ||   135
       Shortbow          |       |       |     1 |       ||     1
 Fire: Shortbow          |       |       |   363 |   155 ||   518
Throw: Tomahawk          |       |     5 |       |       ||     5
       Stone             |       |     1 |       |       ||     1
 Cast: Confusing Touch   |       |     2 |     4 |       ||     6
       Confuse           |       |       |    12 |     2 ||    14
       Corona            |       |       |    14 |     6 ||    20
       Slow              |       |       |     3 |     3 ||     6
       Inner Flame       |       |       |       |     1 ||     1
Evoke: Deck              |       |    17 |     8 |     7 ||    32
       Wand              |       |       |    13 |     7 ||    20
  Use: Potion            |     1 |       |     1 |     1 ||     3
       Scroll            |     1 |     9 |     3 |     5 ||    18
 Stab: Sleeping          |     4 |     6 |       |       ||    10
       Confused          |       |     2 |     2 |       ||     4
  Eat: Chunk             |     3 |     7 |     6 |     6 ||    22
       Ration            |       |     4 |     4 |       ||     8
Armor: Robe              |    40 |    48 |       |       ||    88
       Skin              |    13 |       |       |       ||    13
       Leather armour    |       |    74 |     2 |    29 ||   105
       Ring mail         |       |    12 |   121 |       ||   133
Dodge: Dodged            |   103 |   323 |   144 |    35 ||   605

Table legend:
 A = Spawn XP
 B = Non-spawn XP
 C = Spawn XP percentage of total XP
 D = Spawn monster count
 E = Non-spawn monster count
 F = Spawn count percentage of total count
 G = Total turns spent on level
                    A         B        C        D         E        F      G
               +---------+---------+-------+---------+---------+-------+---------
         Total |       0 |    8162 |   0.0 |       0 |     187 |   0.0 | 12933
               +---------+---------+-------+---------+---------+-------+---------
           D:1 |       0 |      56 |   0.0 |       0 |      27 |   0.0 |  1385
           D:2 |       0 |     129 |   0.0 |       0 |      31 |   0.0 |  2241
           D:3 |       0 |     112 |   0.0 |       0 |      18 |   0.0 |   890
           D:4 |       0 |     132 |   0.0 |       0 |      10 |   0.0 |  2050
           D:5 |       0 |    1138 |   0.0 |       0 |      20 |   0.0 |  2404
           D:6 |       0 |     366 |   0.0 |       0 |       8 |   0.0 |   769
           D:7 |       0 |    1202 |   0.0 |       0 |      37 |   0.0 |  1528
           D:8 |       0 |    5027 |   0.0 |       0 |      36 |   0.0 |  1666
               +---------+---------+-------+---------+---------+-------+---------
